 Dungeon Crawl Stone Soup version 0.28.0-45-g0d030f2227 (webtiles) character file.

Game seed: 7763710476271788612

160 bobregger the Cudgeller (level 5, 0/81 HPs)
             Began as an Ogre Berserker on Apr 22, 2022.
             Was a Believer of Trog.
             Slain by a scorpion (7 damage)
             ... on level 4 of the Dungeon.
             The game lasted 00:03:17 (3684 turns).

bobregger the Cudgeller (Ogre Berserker)            Turns: 3684, Time: 00:03:18

Health: 0/81       AC:  3    Str: 23    XL:     5   Next: 41%
Magic:  5/5        EV: 10    Int:  8    God:    Trog [**....]
Gold:   77         SH:  0    Dex:  8    Spells: 4/4 levels left

rFire   . . .      SeeInvis .   i - +0 whip
rCold   . . .      Faith    .   (no shield)
rNeg    . . .      Spirit   .   b - +0 animal skin
rPois   .          Reflect  .   (helmet restricted)
rElec   .          Harm     .   (no cloak)
rCorr   .          Rampage  .   (gloves unavailable)
Will    .....                   (boots unavailable)
Stlth   ..........              (no amulet)
HPRegen 0.23/turn               (no ring)
MPRegen 0.09/turn               (no ring)

@: berserking, lethally poisoned (0 -> -9), very quick
A: large, unfitting armour, tough skin 1
a: Renounce Religion, Berserk, Trog's Hand


You were on level 4 of the Dungeon.
You worshipped Trog.
Trog was pleased with you.
You visited 1 branch of the dungeon, and saw 4 of its levels.

You collected 77 gold pieces.

Inventory:

Hand Weapons
 i - a +0 whip (weapon)
Armour
 b - a +0 animal skin (worn)
Scrolls
 a - a scroll of summoning {unknown}
 d - 2 scrolls of teleportation {unknown}
 e - a scroll of noise {unknown}
 f - a scroll of blinking {unknown}
 h - 2 scrolls of fear {unknown}
Potions
 c - a potion of curing


   Skills:
 - Level 4.0 Fighting
 + Level 5.4 Maces & Flails
 - Level 2.6 Dodging


You had 4 spell levels left.
You didn't know any spells.
Your spell library was empty.

Dungeon Overview and Level Annotations

Branches:
Dungeon (4/15)
 Temple: D:4-7

Altars:


Innate Abilities, Weirdness & Mutations

You are too large for most types of armour.
You have tough skin. (AC +1)


Message History

A scorpion is nearby!
A scorpion is nearby!
You barely miss the scorpion. The scorpion stings you.
You hit the scorpion.
The scorpion is lightly wounded.
The scorpion stings you.
You hit the scorpion.
The scorpion is moderately wounded.
The scorpion stings you.
You are poisoned.
The scorpion poisons you!
You hit the scorpion.
The scorpion is heavily wounded.
You feel sick. The scorpion stings you.
You hit the scorpion but do no damage.
The scorpion is heavily wounded.
You feel sick. The scorpion stings you!
You are more poisoned.
The scorpion poisons you!
You hit the scorpion.
The scorpion is heavily wounded.
You feel very sick. The scorpion stings you!
* * * LOW HITPOINT WARNING * * *
You barely miss the scorpion.
The scorpion is heavily wounded.
* * * LOW HITPOINT WARNING * * *
You feel very sick. The scorpion misses you.
A red film seems to cover your vision as you go berserk!
You feel yourself moving faster!
You feel mighty!
* * * LOW HITPOINT WARNING * * *
You feel very sick. The scorpion stings you.
* * * LOW HITPOINT WARNING * * *
You hit the scorpion.
The scorpion is severely wounded.
* * * LOW HITPOINT WARNING * * *
You feel sick. The scorpion stings you!
You die...

..# #.# #.# #.# #.#
##.## #.#
......###.##############
#?...s@...............#
####.###.############.#
# #.# #.# #.# #.# ...
#.# ... #.# ..... #.#
..... #.. ###


You could see a scorpion.

Vanquished Creatures
  A howler monkey (D:3)
  An iguana (D:2)
  3 gnolls
  3 dart slugs
  An orc (D:3)
  3 ball pythons
  2 bats
  5 endoplasms
  5 giant cockroaches
  11 goblins
  6 hobgoblins
  3 jackals (D:1)
  3 quokkas
  A frilled lizard (D:2)
  2 kobolds (D:1)
  4 rats
54 creatures vanquished.

Notes
Turn   | Place    | Note
-------+----------+-------------------------------------------
     0 | D:1      | bobregger the Ogre Berserker began the quest for the Orb.
     0 | D:1      | Reached XP level 1. HP: 24/24 MP: 1/1
   106 | D:1      | Reached skill level 3 in Maces & Flails
   324 | D:1      | Reached XP level 2. HP: 28/32 MP: 2/2
   824 | D:1      | Reached XP level 3. HP: 39/39 MP: 3/3
   828 | D:1      | Reached ** piety under Trog
  1749 | D:2      | Reached skill level 4 in Maces & Flails
  1749 | D:2      | Reached XP level 4. HP: 23/48 MP: 4/4
  2258 | D:3      | Reached skill level 5 in Maces & Flails
  2258 | D:3      | Reached XP level 5. HP: 43/54 MP: 5/5
  3684 | D:4      | Slain by a scorpion

Illustrated notes

Levels and vault maps discovered:
D:1:      lemuel_arrival_hallway, layout_basic, minmay_domino_4
D:2:      layout_loops_cross
D:3:      layout_loops_ring, hangedman_decor_opposing,
          amcnicky_mini_corridor_feature
D:4:      layout_loops_ring, minmay_temple_entry_proselytizer, uniq_edmund

Skill      XL: |  1  2  3  4 |
---------------+-------------+-----
Maces & Flails | 3 4 5 |  5.4
Fighting       | |  4.0
Dodging        | |  2.6

Action                   |  1- 3 |  4- 6 || total
-------------------------+-------+-------++-------
Melee: Mace              |    90 |    13 ||   103
       Whip              |       |   129 ||   129
       Punch             |       |     1 ||     1
Invok: Berserk           |       |     4 ||     4
  Use: Potion            |       |     2 ||     2
Armor: Animal skin       |    34 |    27 ||    61
Dodge: Dodged            |    52 |    81 ||   133
